Map: Alcyone LE

Players

ИИ 1 (новичок)

  • Race: Terran Terran
  • Spawn Location: 7:00

firefoxsray - Winner!

  • Race: Terran Terran
  • League: Diamond
  • Spawn Location: 1:00

VOD

Have the link to the VOD?

Description

я попытался сделать идеальный билд ордер

Time

  • Played on: June 7, 2024, 1:37 a.m.
  • Length: 11:05
Show
View Real Time Build Order
Export as new Build Order

ИИ 1 (новичок) Terran 

Build Orders:  

Get SALT Encoding   

  12  0:00  SCV  
  13  0:13  SCV  
  14  0:18  Supply Depot  
  14  0:36  Refinery  
  14  0:42  Barracks  
  14  1:05  Supply Depot  
  14  1:11  Refinery  
  14  1:29  Marine  
  14  1:30  Orbital Command  
  15  1:55  SCV  
  16  2:07  SCV  
  17  2:11  Marine  
  18  2:19  SCV  
  19  2:30  Barracks Tech Lab  
  19  2:31  SCV  
  20  2:43  SCV  
  21  2:54  Marauder  
  21  2:56  SCV  
  24  6:27  SCV  
  24  6:28  Marine  
  24  6:30  Supply Depot  
  24  6:32  Factory  
  23  6:39  SCV  
  21  6:51  SCV  
  22  6:55  Supply Depot  
  22  6:56  Command Center  
  22  7:00  Marine  
  23  7:03  SCV  
  24  7:16  SCV  
  24  7:18  Starport  
  25  7:28  SCV  
  26  7:32  Marine  
  27  7:54  Starport Tech Lab  
  27  8:05  Marine  
  28  8:08  SCV  
  29  8:15  SCV, Raven  
  32  8:23  SCV  
  33  8:30  SCV  
  33  8:32  Refinery  
  34  8:35  Refinery  
  34  8:37  SCV  
  34  8:38  Marauder  
  37  8:44  SCV  
  38  8:49  Raven  
  38  8:51  SCV  
  41  8:59  SCV  
  42  9:06  SCV  
  42  9:09  Marine  
  44  9:13  SCV  
  45  9:20  SCV  
  46  9:28  SCV  
  47  9:35  SCV  
  48  9:42  SCV  
  49  9:50  SCV  
  49  9:57  SCV  
  50  10:04  SCV  
  51  10:19  Marine  
  45  10:22  Supply Depot  
  45  10:27  SCV  
  25  10:39  SCV  
  25  10:49  Supply Depot  
  22  10:51  SCV  
Show
View Real Time Build Order
Export as new Build Order

firefoxsray Terran - Winner!

Build Orders:  

Get SALT Encoding   

  12  0:00  SCV  
  13  0:12  SCV  
  14  0:17  Supply Depot  
  14  0:24  SCV  
  15  0:38  SCV  
  15  0:39  Barracks  
  16  0:42  Refinery  
  16  0:50  SCV  
  16  0:55  Refinery  
  17  1:02  SCV  
  18  1:14  SCV  
  19  1:25  Reaper  
  19  1:27  Orbital Command  
  20  1:41  Factory  
  20  1:44  Supply Depot  
  20  1:52  SCV  
  21  1:57  Reaper  
  22  2:04  SCV  
  23  2:16  SCV  
  23  2:21  Command Center  
  24  2:29  SCV  
  25  2:33  Hellion  
  27  2:39  Starport  
  27  2:41  SCV  
  28  2:45  Barracks Reactor  
  28  2:51  Supply Depot  
  28  2:56  SCV  
  29  3:04  Cyclone  
  32  3:12  SCV  
  32  3:13  Refinery  
  32  3:17  Starport Tech Lab  
  32  3:23  Marine x2  
  32  3:25  SCV  
  35  3:33  Orbital Command  
  35  3:37  SCV  
  35  3:39  Factory Tech Lab  
  35  3:40  Raven  
  38  3:45  Marine, Interference Matrix  
  40  3:52  Marine  
  40  3:53  SCV  
  41  3:59  SCV  
  41  4:01  Siege Tank  
  45  4:04  Supply Depot  
  45  4:05  SCV  
  46  4:11  SCV, Marine  
  46  4:16  Raven  
  50  4:17  SCV  
  50  4:23  SCV  
  52  4:26  Supply Depot  
  52  4:27  Marine  
  52  4:30  SCV  
  54  4:36  Siege Tank  
  54  4:38  SCV  
  58  4:41  Marine  
  58  4:42  SCV  
  58  4:45  Marine  
  61  4:49  Supply Depot  
  61  4:50  SCV  
  62  4:54  SCV  
  63  5:02  SCV  
  63  5:06  SCV  
  65  5:08  Siege Tank  
  65  5:11  Viking x2  
  65  5:12  Supply Depot  
  72  5:14  SCV  
  72  5:18  SCV  
  74  5:26  SCV  
  74  5:27  Marine  
  76  5:28  Stimpack  
  76  5:30  SCV  
  76  5:34  Supply Depot  
  77  5:38  SCV  
  77  5:39  Command Center  
  77  5:42  SCV  
  79  5:43  Siege Tank  
  82  5:51  SCV  
  82  5:54  SCV, Supply Depot  
  82  5:56  Barracks  
  82  5:57  Barracks  
  84  5:58  Refinery  
  84  5:59  Marine  
  84  6:00  Medivac x2  
  89  6:07  SCV  
  89  6:10  Supply Depot  
  90  6:13  Engineering Bay x2  
  90  6:16  SCV  
  91  6:22  Marine  
  91  6:23  Siege Tank  
  95  6:27  SCV  
  95  6:28  SCV  
  97  6:40  Marine  
  97  6:43  Viking x2  
  97  6:45  Barracks Reactor x2  
  97  6:46  SCV  
  104  6:47  SCV  
  104  6:51  Supply Depot  
  104  6:55  Supply Depot  
  104  6:58  Orbital Command  
  106  7:02  Terran Infantry Weapons Level 1, Terran Infantry Armor Level 1  
  106  7:07  Marine  
  105  7:08  Combat Shield  
  105  7:16  Viking  
  105  7:18  SCV x2  
  105  7:20  Orbital Command  
  109  7:30  SCV x2  
  109  7:35  Marine x5  
  116  7:37  Supply Depot  
  116  7:38  Siege Tank  
  116  7:39  Supply Depot  
  119  7:48  SCV x3  
  119  7:50  Refinery  
  122  7:51  Refinery  
  122  7:53  Marine x3, Viking  
  127  7:59  Marine x2  
  127  8:00  SCV x2  
  127  8:02  Viking  
  133  8:10  SCV  
  133  8:11  Barracks, Supply Depot  
  133  8:12  SCV, Barracks  
  135  8:13  Supply Depot  
  133  8:24  Marine x4  
  133  8:25  Siege Tank, Marine  
  133  8:27  SCV x2  
  142  8:28  SCV  
  143  8:38  Armory  
  143  8:39  SCV x2  
  143  8:40  SCV  
  146  8:42  Marine x4, Viking x2  
  153  8:51  SCV x2  
  155  9:00  Barracks Reactor  
  155  9:01  Barracks Reactor  
  155  9:02  Marine x4  
  158  9:03  Marine  
  158  9:04  Siege Tank  
  163  9:14  Supply Depot  
  163  9:15  Supply Depot  
  163  9:17  Viking x2  
  163  9:20  Marine x5  
  172  9:37  Supply Depot  
  172  9:38  Refinery, Marine x4  
  175  9:39  Marine x5, Supply Depot  
  175  9:40  Refinery, Siege Tank  
  184  9:50  SCV x3, Factory  
  187  9:55  Marine  
  187  9:56  Marine  
  187  9:57  Command Center  
  189  10:00  Marine x7  
  189  10:02  Viking x2  
Tags
 
League
Diamond
Matchup
TvTТvТ
Spawn Locations
Cross Positions
Add a new tag
Caveats
  • Supply blocks, unpowered buildings, or Contaminate may cause inaccurate times.
  • Supply counts are checked every 10 seconds.